AoeStats
← Aragorn

Arabia

511050997Analyzed
1v1 RM · 9h ago on Oct 3, 2026· 29m 49s· 2 players
Game mode
Random Map
Map size
Tiny (2 player)
Population
200
Speed
Normal
Resources
Standard
Victory
Conquest
Starting age
Dark Age
Ending age
Imperial Age
RankedLock teamsTeams togetherTeam positionsShared explorationLock speedFull tech treeHidden civsTurbo modeCheats
Victory
Defeat
🇦🇷 Ethiopians · Argentina
930
+15
🇹🇼 Huns · Taiwan
903
-15
m00157301
9:42 Feudal Age
10:58 Wheelbarrow
10:10 Double-Bit Axe
10:08 Horse Collar
21:08 Castle Age
19:40 Stone Mining
22:11 Hand Cart
22:09 Bow Saw
22:36 Squires
Aragorn
8:50 Loom
11:15 Feudal Age
12:07 Double-Bit Axe
18:17 Castle Age
18:46 Scale Barding Armor
19:02 Fletching
19:40 Crossbowman
21:12 Bodkin Arrow
Connection lost

Rejoining the realm…

Still unreachable

The connection could not be restored.

Session expired

The server has moved on; the page needs a fresh start.